 Dungeon Crawl Stone Soup version 0.24-a0-139-geb6712d (webtiles) character file.

Game seed: 0

8488 jerryfan the Geomancer (level 11, -11/66 HPs)
             Began as a Gargoyle Earth Elementalist on Mar 1, 2019.
             Was an Elder of Vehumet.
             Mangled by a large slime creature (22 damage)
             ... on level 10 of the Dungeon.
             The game lasted 00:31:43 (10012 turns).

jerryfan the Geomancer (GrEE)                      Turns: 10012, Time: 00:31:44

Health: -11/66     AC: 18    Str: 14    XL:     11   Next: 31%
Magic:  0/22       EV: 12    Int: 17    God:    Vehumet [****..]
Gold:   627        SH:  0    Dex: 10    Spells: 4/25 levels left

rFire    . . .     SeeInvis .   j - +4 dire flail (protect)
rCold    . . .     Gourm    .   (shield currently unavailable)
rNeg     + . .     Faith    .   C - +2 robe {MR+}
rPois    ∞         Spirit   .   (no helmet)
rElec    +         Reflect  .   E - +1 cloak {rPois}
rCorr    .         Harm     .   (no gloves)
MR       +....                  J - +0 pair of boots
Stlth    ++........             (no amulet)
HPRegen  0.21/turn              q - +2 ring of protection
MPRegen  0.18/turn              G - ring of wizardry

@: no status effects
A: negative energy resistance 1, electricity resistance, unbreathing,
petrification resistance, rot immunity, AC +8
a: Renounce Religion


You were on level 10 of the Dungeon.
You worshipped Vehumet.
Vehumet was greatly pleased with you.
You were not hungry.

You visited 2 branches of the dungeon, and saw 11 of its levels.

You collected 627 gold pieces.

Inventory:

Hand Weapons
 g - a +0 whip
 j - a +4 dire flail of protection (weapon)
 m - a +1 vampiric whip
Missiles
 b - 347 stones
 i - 11 poisoned tomahawks (quivered)
 y - a throwing net
Armour
 c - a +0 robe
 n - a +0 leather armour
 z - the +2 chain mail of the Tundras {rElec rN+ Dex+2}
   (You took it off an orc on level 5 of the Dungeon)

   It affects your dexterity (+2).
   It insulates you from electricity.
   It protects you from negative energy.
 C - a +2 robe of magic resistance (worn)
 D - a +0 cloak
 E - a +1 cloak of poison resistance (worn)
 J - a +0 pair of boots (worn)
Jewellery
 q - a +2 ring of protection (left hand)
 B - an uncursed ring of ice
 G - a ring of wizardry (right hand)
 I - a +4 ring of dexterity
Wands
 o - a wand of polymorph (15)
 L - a wand of random effects (38)
Scrolls
 e - 9 scrolls of remove curse
 f - 4 scrolls of identify
 h - 7 scrolls of teleportation
 r - 3 scrolls of noise {unknown}
 s - 2 scrolls of magic mapping {unknown}
 w - 2 scrolls of random uselessness {unknown}
 x - 2 scrolls of enchant armour
 K - 2 scrolls of amnesia
 N - 2 scrolls of blinking
Potions
 a - a potion of cancellation {unknown}
 k - a potion of berserk rage {unknown}
 l - a potion of might
 p - 3 potions of curing {unknown}
 t - 2 potions of heal wounds
 u - a potion of ambrosia {unknown}
 v - 2 potions of brilliance {unknown}
 A - 2 potions of mutation {unknown}
 F - 2 potions of degeneration {unknown}
 H - 2 potions of haste {unknown}
Comestibles
 d - 16 rations


   Skills:
 + Level 6.5 Fighting
 + Level 5.8 Maces & Flails
 + Level 6.5 Armour
 - Level 1.5 Dodging
 - Level 2.1 Stealth
 * Level 7.7 Spellcasting
 * Level 8.3 Conjurations
 - Level 0.7 Transmutations
 * Level 10.3 Earth Magic


You had 4 spell levels left.
You knew the following spells:

 Your Spells              Type           Power        Failure   Level  Hunger
a - Sandblast             Erth           #####.       1%          1    None
b - Passwall              Tmut/Erth      ####....     1%          2    None
c - Stone Arrow           Conj/Erth      #####.       1%          3    #......
d - Lee's Rapid Deconstr  Erth           #####.....   1%          5    #####..
e - Conjure Flame         Conj/Fire      ###.....     1%          3    #......
f - Iskenderun's Mystic   Conj           ####....     1%          4    ###....
g - Inner Flame           Hex/Fire       #.......     4%          3    #......

Your spell library contained the following spells:

 Spells                   Type           Power        Failure   Level  Hunger
 Beastly Appendage        Tmut           #.....       3%          1    None
 Summon Small Mammal      Summ           #...         4%          1    None
 Sticks to Snakes         Tmut           #.......     4%          2    None
 Petrify                  Tmut/Erth      ####....     4%          4    ###....
 Call Imp                 Summ           #.......     6%          2    None
 Spider Form              Tmut/Pois      #.........   12%         3    #......
 Call Canine Familiar     Summ           #.......     13%         3    #......
 Summon Guardian Golem    Hex/Summ       #.......     13%         3    #......
 Ice Form                 Ice/Tmut       #.......     34%         4    ###....
 Summon Ice Beast         Ice/Summ       #.......     38%         4    ###....
 Summon Lightning Spire   Summ/Air       #.......     38%         4    ###....
 Blade Hands              Tmut           #.........   63%         5    #####..


Dungeon Overview and Level Annotations

Branches:
Dungeon (10/15)            Temple (1/1) D:4            Lair (0/6) D:8
    Orc (0/2) D:9

Altars:
Ashenzari
Cheibriados
Dithmenos
Elyvilon
Fedhas
Hepliaklqana
Kikubaaqudgha
Makhleb
Nemelex Xobeh
Okawaru
Qazlal
Ru
Sif Muna
Trog
Uskayaw
Vehumet
Wu Jian
Xom
Yredelemnul
Zin
The Shining One

Annotations:
D:5 2 transporters, Duffy's ghost, amateur NaGl
D:8 exclusion: downstairs
D:9 exclusion: downstairs, Gastronok


Innate Abilities, Weirdness & Mutations

You are resistant to torment.
Your stone body is resilient. (AC +8)
You are immune to poison.
You resist negative energy. (rN+)
You are resistant to electric shocks. (rElec)
You can survive without breathing.
You are immune to petrification.
You are immune to rotting.


Message History

You sock the large slime creature!
The large slime creature is severely wounded.
The large slime creature is engulfed in blazing flames.
The large slime creature hits you!!
* * * LOW HITPOINT WARNING * * *
The large slime creature is engulfed in blazing flames.
You see here a robe.
Casting: Conjure Flame (safe; 1% risk of failure)
Confirm with . or Enter, or press ? or * to list all spells.
Okay, then.
Casting: Conjure Flame (safe; 1% risk of failure)
Confirm with . or Enter, or press ? or * to list all spells.
Aiming: Lee's Rapid Deconstruction (safe; 1% risk of failure)
Press: ? - help, Dir - move target cursor A rock wall.
The wall shatters!
The blast of rock fragments hits the large slime creature!
The large slime creature is almost dead.
The large slime creature hits you!!
You die...

#......# ##.......÷###.....
#.....####.....(..÷........
#..........####.######.....
#.....#########.######.....
#.....#....................
##......#######..#####....#
#......## ##.####......
######.......########...........
#.....[.......J@................
##.###.#...>.#...................
##.###.###..##.##..###..#........
##.##..........#.#...#..##.......
##.#..##...####..##.##..##.......
##.####..####........#......[..(.
##.# #..## #.#.####.....#.......
##.# #.## ...#.# ##.......#####
.#.# #.# ..# #.# #.........#


You could see a large slime creature.

Vanquished Creatures
  A two-headed ogre (D:8)
  An unseen horror (D:10)
  A troll (D:9)
  4 hippogriffs
  3 slime creatures
  A vampire (D:9)
  10 yaks
  A wyvern (D:7)
  3 hungry ghosts
  Edmund (D:4)
  2 orc warriors (D:9)
  3 phantoms
  An ice beast (D:8)
  2 sky beasts
  4 centaurs
  4 ogres
  A crocodile (D:9)
  6 bullfrogs
  A gnoll sergeant (D:7)
  A wyvern zombie (D:7)
  2 scorpions
  4 wights
  A howler monkey (D:9)
  7 crimson imps
  A quasit (D:9)
  2 bullfrog zombies
  4 hounds
  4 orc priests
  2 jellies
  A gnoll shaman (D:7)
  6 orc wizards
  Jessica (D:3)
  An iguana (D:8)
  6 worker ants
  14 gnolls
  8 adders
  2 shadow imps
  An ooze (D:5)
  An adder zombie (D:8)
  3 adder skeletons
  2 worms
  2 dart slugs
  4 leopard geckos
  40 orcs
  A ball python (D:3)
  6 giant cockroaches
  4 hobgoblins
  16 jackals
  6 kobolds
  6 quokkas
  A bat (D:1)
  2 frilled lizards
  4 goblins
  A quokka skeleton (D:6)
  6 rats
223 creatures vanquished.

Notes
Turn   | Place    | Note
-------+----------+-------------------------------------------
     0 | D:1      | jerryfan the Gargoyle Earth Elementalist began the quest
                  | for the Orb.
     0 | D:1      | Reached XP level 1. HP: 10/10 MP: 3/3
   352 | D:1      | Reached XP level 2. HP: 16/16 MP: 1/5
   628 | D:2      | Reached skill level 1 in Fighting
   628 | D:2      | Reached skill level 1 in Armour
   650 | D:2      | Reached XP level 3. HP: 8/20 MP: 3/6
   785 | D:2      | Reached skill level 1 in Maces & Flails
   785 | D:2      | Reached skill level 4 in Earth Magic
  1264 | D:3      | Found a deep blue altar of Sif Muna.
  1264 | D:3      | Found a bloodstained altar of Trog.
  1265 | D:3      | Noticed Jessica
  1267 | D:3      | Killed Jessica
  1267 | D:3      | Reached XP level 4. HP: 24/25 MP: 7/7
  1273 | D:3      | Found a faded altar of an unknown god.
  1275 | D:3      | Found a white marble altar of Elyvilon.
  1278 | D:3      | Found a faded altar of an unknown god.
  1336 | D:3      | Noticed Grinder
  1345 | D:3      | Noticed Grinder
  1345 | D:3      | Grinder changed into Grinder the crimson imp
  1350 | D:3      | Killed Grinder the crimson imp
  1501 | D:3      | Reached XP level 5. HP: 30/30 MP: 8/8
  1525 | D:3      | Noticed a centaur
  1530 | D:3      | Killed a centaur
  2426 | D:4      | Noticed a rust devil
  2578 | D:4      | Noticed an angel
  2793 | D:4      | Reached XP level 6. HP: 36/36 MP: 10/10
  3163 | D:4      | Found a staircase to the Ecumenical Temple.
  3287 | D:4      | Noticed Edmund
  3314 | Temple   | Entered the Ecumenical Temple
  3355 | Temple   | Became a worshipper of Vehumet
  3487 | D:3      | Learned a level 2 spell: Passwall
  3491 | D:3      | Learned a level 3 spell: Stone Arrow
  3701 | D:4      | Killed Edmund
  3701 | D:4      | Reached skill level 1 in Conjurations
  3701 | D:4      | Reached skill level 5 in Earth Magic
  3999 | D:4      | Reached XP level 7. HP: 13/41 MP: 5/12
  4471 | D:5      | Entered Level 5 of the Dungeon
  4634 | D:5      | Found a transporter.
  4655 | D:5      | Found a transporter.
  4656 | D:5      | Noticed Duffy's ghost (amateur NaGl)
  4718 | D:5      | Identified the +2 chain mail of the Tundras {rElec rN+
                  | Dex+2}
  5425 | D:6      | Reached * piety under Vehumet
  5425 | D:6      | Offered knowledge of Sting by Vehumet.
  5434 | D:6      | Reached XP level 8. HP: 46/46 MP: 9/14
  5508 | D:6      | Reached skill level 6 in Earth Magic
  5510 | D:6      | Found a sparkling altar of Nemelex Xobeh.
  5560 | D:6      | Found a white marble altar of Elyvilon.
  6434 | D:7      | Reached skill level 7 in Earth Magic
  6435 | D:7      | Reached skill level 5 in Spellcasting
  6452 | D:7      | Reached XP level 9. HP: 40/52 MP: 14/16
  6485 | D:7      | Identified the +1 robe of Midnight {rC++ rCorr Int-4}
  6509 | D:7      | Reached ** piety under Vehumet
  6531 | D:7      | Offered knowledge of Throw Frost by Vehumet.
  6539 | D:7      | Found a blossoming altar of Fedhas.
  6539 | D:7      | Reached skill level 5 in Conjurations
  7248 | D:8      | Reached skill level 8 in Earth Magic
  7255 | D:8      | Learned a level 5 spell: Lee's Rapid Deconstruction
  7267 | D:8      | Reached skill level 5 in Fighting
  7267 | D:8      | Reached skill level 5 in Armour
  7548 | D:8      | Reached XP level 10. HP: 55/59 MP: 14/19
  7570 | D:8      | Offered knowledge of Conjure Flame by Vehumet.
  7593 | D:8      | Learned a level 3 spell: Conjure Flame
  7690 | D:8      | Found a staircase to the Lair.
  7697 | D:8      | Noticed a two-headed ogre
  7713 | D:8      | Killed a two-headed ogre
  7829 | D:8      | Found a stormy altar of Qazlal.
  8104 | D:9      | Reached skill level 9 in Earth Magic
  8109 | D:9      | Reached *** piety under Vehumet
  8111 | D:9      | Reached skill level 5 in Maces & Flails
  8195 | D:9      | Offered knowledge of Iskenderun's Mystic Blast by Vehumet.
  8214 | D:9      | Learned a level 4 spell: Iskenderun's Mystic Blast
  8735 | D:9      | Reached **** piety under Vehumet
  8806 | D:9      | Found a staircase to the Orcish Mines.
  8848 | D:9      | Noticed Gastronok
  9405 | D:10     | Entered Level 10 of the Dungeon
  9409 | D:10     | Reached XP level 11. HP: 64/64 MP: 12/21
  9475 | D:10     | Offered knowledge of Inner Flame by Vehumet.
  9489 | D:10     | Learned a level 3 spell: Inner Flame
  9559 | D:10     | Reached skill level 10 in Earth Magic
  9591 | D:10     | Killed an unseen horror
 10012 | D:10     | Mangled by a large slime creature

Levels and vault maps discovered:
D:1:      wander_arrival_lonely_grave, layout_basic
D:2:      layout_rooms, nicolae_overflow_hidden_temple, first_ration
D:3:      layout_basic, chequers_temple_overflow_minitemple, uniq_jessica,
          uniq_grinder
D:4:      layout_layer_cave, temple_garden, uniq_edmund
D:5:      layout_loops_ring, gammafunk_ghost_mausoleum
D:6:      layout_cave_pools, basic_altar, elyvilon_altar_3
D:7:      minmay_slanted_spiral_squares, layout_basic, old_standard_altar,
          st_stairs_12
D:8:      minmay_distorted_concentric_squares, layout_basic,
          grunt_qazlal_clouds, lair_entry_dummy
D:9:      layout_irregular_city, hiddenorc1_lemuel, hangedman_decor_opposing,
          moated_statue, uniq_gastronok
D:10:     layout_rooms
Temple:   compressed_dpeg_circular_temple

Skill      XL: |  1  2  3  4  5  6  7  8  9 10 11 |
---------------+----------------------------------+-----
Fighting       | 1 2 3 4 5 6 |  6.5
Armour         | 1 2 3 4 5 6 |  6.5
Maces & Flails | 1 2 3 4 5 |  5.8
Earth Magic    | 4 5 7 8 9 10 | 10.3
Spellcasting   | 3 4 5 6 7 |  7.7
Conjurations   | 1 2 4 6 7 8 |  8.3
Dodging        | |  1.5
Stealth        | |  2.1
Transmutations | |  0.7

Action                   |  1- 3 |  4- 6 |  7- 9 | 10-12 || total
-------------------------+-------+-------+-------+-------++-------
Melee: Whip              |    35 |   210 |       |       ||   245
       Dire flail        |       |    20 |   342 |   204 ||   566
Throw: Tomahawk          |     1 |       |     5 |     5 ||    11
       Stone             |     1 |       |       |       ||     1
 Cast: Sandblast         |    29 |     8 |    28 |    15 ||    80
       Stone Arrow       |       |     4 |    12 |     7 ||    23
       Iskenderun's Myst |       |       |       |    23 ||    23
       Lee's Rapid Decon |       |       |       |    17 ||    17
       Conjure Flame     |       |       |       |     8 ||     8
       Inner Flame       |       |       |       |     2 ||     2
Evoke: Wand              |       |     3 |       |       ||     3
  Use: Potion            |       |     5 |       |     1 ||     6
       Scroll            |       |     2 |     6 |     3 ||    11
 Stab: Sleeping          |     3 |     6 |     4 |       ||    13
  Eat: Chunk             |     2 |     3 |    14 |    15 ||    34
       Ration            |       |     3 |       |     1 ||     4
Armor: Robe              |    12 |    72 |   182 |   138 ||   404
       Skin              |       |    27 |       |       ||    27
       Leather armour    |       |       |    17 |       ||    17
Dodge: Dodged            |    21 |   107 |   253 |   143 ||   524

Table legend:
 A = Non-vault XP
 B = Vault XP
 C = Vault XP percentage of total XP
 D = Non-vault monster count
 E = Vault monster count
 F = Vault count percentage of total count
                 A         B        C        D         E       F
            +---------+---------+-------+---------+---------+-------
      Total |   10684 |    1443 |  11.9 |     188 |      35 |  15.7
            +---------+---------+-------+---------+---------+-------
        D:1 |      14 |       0 |   0.0 |       9 |       0 |   0.0
        D:2 |      49 |       0 |   0.0 |      13 |       0 |   0.0
        D:3 |     157 |      85 |  35.1 |      21 |       2 |   8.7
        D:4 |     201 |     157 |  43.9 |      12 |       1 |   7.7
        D:5 |     522 |       0 |   0.0 |      20 |       0 |   0.0
        D:6 |     473 |       0 |   0.0 |      16 |       0 |   0.0
        D:7 |    1252 |     705 |  36.0 |      27 |      11 |  28.9
        D:8 |    1978 |     290 |  12.8 |      19 |       4 |  17.4
        D:9 |    3505 |     206 |   5.6 |      39 |      17 |  30.4
       D:10 |    2533 |       0 |   0.0 |      12 |       0 |   0.0
            +---------+---------+-------+---------+---------+-------
